Map: Acid Plant LE

Players

TenaciousDG

  • Race: Zerg Zerg
  • League: Master
  • Spawn Location: 5:00

FisterRoboto - Winner!

  • Race: Zerg Zerg
  • League: Master
  • Spawn Location: 11:00

VOD

Have the link to the VOD?

Description

Time

  • Played on: March 20, 2018, 12:26 a.m.
  • Length: 16:23
Show
View Real Time Build Order
Export as new Build Order

TenaciousDG Zerg 

Build Orders: Pool First, Zergling Baneling 

Get SALT Encoding   

  12  0:01  Drone  
  13  0:13  Overlord  
  13  0:17  Drone  
  14  0:31  Drone x2  
  16  0:35  Drone  
  17  0:45  Spawning Pool  
  16  0:53  Drone  
  17  1:10  Hatchery  
  16  1:18  Drone x2  
  17  1:20  Extractor  
  17  1:29  Drone  
  17  1:32  Queen  
  20  1:36  Overlord  
  20  1:49  Drone  
  20  1:53  Zergling x2  
  22  2:04  Drone  
  23  2:08  Queen  
  26  2:15  Drone  
  26  2:38  Drone x2  
  26  2:39  Drone x2  
  26  2:43  Metabolic Boost  
  30  2:44  Zergling x2  
  30  2:45  Zergling x2  
  32  2:54  Baneling Nest  
  31  3:05  Zergling x6  
  34  3:09  Zergling x2  
  35  3:16  Overlord  
  35  3:17  Overlord  
  35  3:18  Zergling x2  
  36  3:35  Zergling x8  
  36  3:36  Zergling x4  
  42  3:50  Zergling x4  
  39  3:57  Zergling x2  
  39  4:00  Baneling x5  
  39  4:01  Baneling x2  
  39  4:04  Zergling x2  
  40  4:11  Queen x2  
  40  4:12  Zergling x4  
  40  4:13  Zergling x4  
  47  4:25  Zergling x2  
  47  4:26  Zergling x4  
  47  4:28  Baneling x2  
  48  4:42  Zergling x2  
  48  4:43  Zergling x4  
  45  4:53  Zergling x14  
  45  4:56  Baneling x4  
  52  5:07  Hatchery  
  45  5:35  Zergling x6  
  45  5:36  Zergling x12  
  45  5:49  Baneling  
  43  5:58  Zergling x2  
  43  5:59  Zergling x10  
  43  6:03  Queen  
  43  6:04  Queen  
  47  6:06  Zergling x6  
  47  6:08  Baneling x5  
  47  6:09  Baneling  
  47  6:10  Drone  
  51  6:13  Extractor  
  50  6:32  Baneling x3  
  44  6:36  Drone x5  
  44  6:37  Drone  
  50  6:42  Baneling  
  49  6:47  Queen x2  
  53  6:57  Drone  
  53  6:58  Drone x3  
  57  7:11  Baneling  
  57  7:12  Baneling x5  
  53  7:31  Baneling x3  
  53  7:32  Baneling  
  53  7:33  Zergling x2  
  53  7:34  Zergling x6  
  53  7:36  Overlord x3  
  42  7:53  Zergling x2  
  42  7:54  Zergling x16  
  47  8:04  Queen x2  
  45  8:09  Queen  
  40  8:26  Zergling x2  
  40  8:27  Zergling x4  
  37  8:35  Baneling x2  
  37  8:36  Baneling  
  37  8:50  Baneling x2  
  37  8:51  Baneling x4  
  37  8:52  Zergling x6  
  37  8:53  Zergling x6  
  41  9:10  Zergling x10  
  41  9:11  Zergling x4  
  47  9:36  Baneling x3  
  48  9:38  Drone x3  
  48  9:39  Drone x4  
  54  9:50  Baneling x2  
  54  9:53  Drone x5  
  54  9:56  Overlord, Extractor  
  58  10:05  Extractor  
  57  10:09  Baneling x3  
  54  10:32  Drone x3  
  54  10:34  Lair  
  57  10:36  Drone, Roach Warren  
  57  10:37  Drone x5  
  62  10:45  Zergling x14  
  69  10:52  Evolution Chamber  
  68  10:57  Baneling x2  
  68  11:07  Overlord  
  68  11:10  Drone x2  
  68  11:11  Drone x4  
  74  11:13  Overlord  
  74  11:20  Overlord x2, Zerg Missile Weapons Level 1  
  75  11:33  Roach x4  
  81  11:51  Roach x5  
  91  11:55  Ravager x2  
  91  11:56  Ravager x2  
  95  12:09  Drone x8  
  95  12:11  Extractor  
  95  12:13  Extractor  
  95  12:15  Glial Reconstitution  
  101  12:16  Overlord  
  101  12:17  Overlord  
  101  12:19  Ravager  
  101  12:20  Ravager x4  
  95  12:56  Baneling x2  
  95  12:57  Baneling x5  
  96  12:58  Roach  
  96  12:59  Roach x9  
  96  13:00  Zergling x10  
  119  13:15  Evolution Chamber  
  119  13:17  Hatchery  
  119  13:18  Zerg Missile Weapons Level 2  
  115  13:21  Roach x4  
  115  13:22  Roach x3  
  95  13:57  Roach  
  95  13:58  Roach x14  
  108  14:22  Burrow  
  108  14:23  Roach x4  
  108  14:24  Roach x5  
  120  14:38  Ravager  
  121  14:39  Roach x3  
  121  14:40  Queen  
  121  14:42  Ravager  
  130  14:50  Overlord x3  
  130  15:08  Queen  
  132  15:16  Pneumatized Carapace  
  132  15:19  Roach x4  
  132  15:20  Roach x5  
  150  15:31  Overseer  
  150  15:41  Hatchery  
Show
View Real Time Build Order
Export as new Build Order

FisterRoboto Zerg - Winner!

Build Orders: Hatch First, Zergling Baneling 

Get SALT Encoding   

  12  0:00  Drone  
  13  0:12  Overlord  
  13  0:16  Drone  
  14  0:30  Drone x2  
  14  0:35  Drone  
  17  0:52  Hatchery  
  17  0:55  Drone  
  17  0:59  Drone  
  18  1:10  Extractor  
  17  1:14  Spawning Pool  
  17  1:16  Drone  
  17  1:19  Drone  
  18  1:27  Drone  
  19  1:39  Overlord  
  19  1:57  Drone  
  20  2:02  Queen  
  20  2:04  Queen  
  20  2:05  Zergling x4  
  26  2:10  Drone  
  26  2:12  Metabolic Boost  
  27  2:16  Drone  
  28  2:27  Drone x2  
  30  2:33  Baneling Nest  
  30  2:36  Drone  
  30  2:39  Drone  
  31  2:49  Hatchery  
  30  2:52  Overlord  
  30  2:58  Overlord  
  29  3:17  Drone x2  
  29  3:18  Zergling x8, Drone x2  
  36  3:22  Zergling x2  
  36  3:23  Zergling x2  
  36  3:25  Zergling x2  
  39  3:29  Zergling x2  
  40  3:36  Zergling x2  
  40  3:41  Baneling x2  
  41  3:42  Zergling x2  
  42  3:49  Zergling x4  
  42  3:55  Zergling x2  
  43  3:56  Overlord  
  43  4:05  Zergling x10  
  48  4:10  Baneling  
  48  4:11  Baneling x3  
  46  4:20  Zergling x10  
  51  4:24  Zergling x2  
  51  4:25  Baneling  
  51  4:26  Baneling x5  
  51  4:28  Zergling x2  
  49  4:43  Zergling x16  
  49  4:45  Queen  
  49  4:52  Zergling x6  
  54  4:58  Zergling x2  
  55  5:06  Baneling x4  
  55  5:08  Zergling x4  
  54  5:18  Zergling x6  
  57  5:25  Zergling x6  
  52  5:32  Zergling x14  
  50  5:43  Zergling x6  
  50  5:45  Baneling x2  
  50  5:49  Zergling x2  
  47  6:10  Zergling x10  
  51  6:14  Overlord x2  
  51  6:19  Hatchery  
  51  6:20  Baneling x6  
  39  6:33  Zergling x12  
  45  6:43  Zergling x10  
  45  6:46  Hatchery  
  48  6:48  Drone x2  
  50  6:59  Drone x3  
  53  7:07  Baneling  
  53  7:08  Baneling x5  
  52  7:18  Zergling x16  
  56  7:29  Zergling x4  
  52  7:35  Zergling x4  
  52  7:36  Baneling  
  52  7:37  Baneling x2  
  44  8:05  Drone x10  
  50  8:16  Zergling x4  
  46  8:22  Zergling x4, Extractor  
  45  8:28  Extractor  
  45  8:29  Extractor  
  45  8:30  Roach Warren  
  45  8:31  Queen  
  45  8:32  Queen  
  45  8:33  Drone x2, Evolution Chamber  
  48  8:43  Hatchery  
  48  8:44  Drone x2  
  48  8:47  Extractor  
  48  8:54  Zergling x4  
  50  9:01  Drone  
  50  9:02  Drone x2  
  40  9:05  Drone  
  41  9:11  Zergling x2  
  41  9:12  Zerg Missile Weapons Level 1  
  41  9:16  Drone  
  42  9:20  Baneling x2  
  42  9:21  Drone  
  43  9:25  Drone x4  
  47  9:32  Lair  
  47  9:33  Drone  
  48  9:41  Drone  
  48  9:45  Zergling x6  
  52  9:49  Drone x2  
  54  9:57  Roach x2  
  58  10:00  Drone x2  
  58  10:02  Drone  
  58  10:04  Drone  
  62  10:08  Baneling x2  
  62  10:13  Overlord  
  63  10:14  Drone x2  
  54  10:31  Drone x4  
  54  10:33  Roach x3  
  54  10:35  Glial Reconstitution  
  64  10:45  Roach x3  
  64  10:46  Roach  
  72  10:51  Drone x3  
  72  10:56  Roach x2  
  79  11:01  Ravager  
  79  11:02  Ravager  
  79  11:03  Overlord x2  
  81  11:09  Zerg Missile Weapons Level 2  
  81  11:15  Overlord x2  
  81  11:23  Drone x2  
  83  11:29  Drone  
  83  11:30  Drone x7  
  87  11:42  Drone x7  
  87  11:43  Drone  
  87  11:46  Drone, Extractor  
  96  11:47  Drone  
  96  11:48  Ravager  
  96  11:49  Ravager  
  96  11:53  Drone  
  99  11:57  Extractor  
  98  12:01  Roach  
  98  12:02  Roach x4  
  98  12:07  Roach x2  
  112  12:09  Overlord  
  112  12:14  Baneling x3  
  112  12:18  Overlord x2  
  112  12:36  Queen  
  110  12:38  Drone x2  
  114  12:50  Roach x10  
  133  12:55  Roach  
  133  12:56  Roach, Hatchery  
  135  13:01  Overseer  
  135  13:12  Roach  
  137  13:13  Overlord x5  
  137  13:21  Spine Crawler  
  136  13:35  Roach  
  136  13:36  Roach x10  
  158  13:48  Roach x5  
  151  13:54  Roach x3  
  147  13:58  Roach x2  
  142  14:06  Roach  
  142  14:07  Roach  
  133  14:18  Roach  
  133  14:19  Roach x3  
  137  14:25  Ravager  
  136  14:36  Roach  
  136  14:37  Roach x6  
  144  14:41  Ravager  
  147  14:45  Roach  
  147  14:46  Roach x9  
  147  14:52  Queen  
  167  14:53  Roach  
  167  14:58  Roach x2  
  167  14:59  Ravager  
  175  15:00  Ravager  
  175  15:01  Overlord  
  175  15:14  Roach  
  175  15:17  Overlord  
  175  15:18  Overlord x2  
  175  15:26  Roach x4  
  183  15:32  Overlord x2, Extractor  
  182  15:37  Extractor  
  182  15:42  Roach x8  
  197  15:44  Ravager  
  198  15:50  Ravager  
Tags
 
Add a new tag
Caveats
  • Supply blocks, unpowered buildings, or Contaminate may cause inaccurate times.
  • Supply counts are checked every 10 seconds.